[Event "Fall IM-E Norm Invitational 2022"]
[Site "Charlotte"]
[Date "2022.11.18"]
[Round "2"]
[White "Krishnakumar, Sriram"]
[Black "Kanli, Alperen"]
[Result "1-0"]
[ECO "B12"]
[WhiteElo "2248"]
[BlackElo "2171"]
[Annotator "TA"]
[PlyCount "77"]
[EventDate "2022.11.18"]
[EventType "tourn"]
[EventCountry "USA"]
[SourceTitle "playchess.com"]
[Source "ChessBase"]
[SourceQuality "1"]
[TimeControl "5400+30"]

1. e4 c6 2. d4 d5 3. e5 c5 4. Nf3 Nc6 5. dxc5 e6 6. Be3 {[%emt 0:01:28] B12: Caro-Kann: Advance Variation.} Nh6 {[%emt 0:04:33] is recently more successful than 6...Nge7.} 7. Bxh6 gxh6 8. Bb5 {[%emt 0:00:39] White is slightly better.} Bg7 (8... Bxc5 $14 9. c4 O-O) 9. O-O {[%emt 0:07:50] [#] White is more active.} O-O $146 ({Predecessor:} 9... Bd7 10. Bxc6 Bxc6 11. Nbd2 Rg8 12. Qe2 Bh8 13. Nd4 Rc8 14. f4 Qa5 15. N2b3 Qc7 {1-0 (27) Pott,B (1623)-Boi,P (1714) LSS email 2011}) 10. Bxc6 bxc6 11. c3 (11. Qd4 $142) 11... f6 $16 12. Qd4 fxe5 13. Nxe5 Rf5 14. f4 {[%emt 0:02:51] aiming for Nd2.} Qh4 {[%emt 0:17:35] [#]} (14... Ba6 $14 15. Re1 Qf8) 15. Nd2 $1 {[%emt 0:09:06] Pair of Knights!} Ba6 16. Rf2 Raf8 17. Ndf3 Bxe5 18. fxe5 (18. Nxe5 $18 Rxf4 19. Rxf4 Rxf4 20. g3 Rxd4 21. gxh4) 18... Qe4 19. Re1 Qd3 (19... Qxd4 $142 20. cxd4 Bb5) 20. Rd2 Qb5 21. h3 Rf4 22. Qf2 Kh8 23. b4 Qc4 24. Rc1 Qe4 {[%emt 0:02:53] [#]} 25. Rd4 $1 {[%emt 0:03:46] Hoping for Qd2.} Qxe5 26. Rxf4 ({Not} 26. Nxe5 Rxf2 27. Nxc6 Rxa2 $16) 26... Qxf4 27. Qd4+ Qxd4+ 28. Nxd4 $18 {[%emt 0:00:05][%mdl 4096] Endgame KRB-KRN} e5 $2 (28... Bb5 29. Nxe6 Rf6) 29. Nxc6 e4 30. Nxa7 Bc4 $2 (30... e3 31. b5 Rf7) 31. Re1 Ra8 32. Nc6 Rxa2 33. Nd4 {[%emt 0:00:38] Inhibits Rc2. Strongly threatening c6.} Ra3 34. Re3 {[%emt 0:00:34] Threatens to win with c6.} Bd3 35. c6 Rxc3 36. b5 {[%emt 0:00:06][%cal Bb4b5,Bb5b6,Bb6b7][%mdl 32] White threatens b6 and mate.} Rc4 $2 {[%emt 0:02:03] [#]} (36... Rc1+ $18 37. Kf2 Bxb5 38. Nxb5 Rxc6) 37. b6 $1 {[%emt 0:00:29] White mates.} Rxd4 (37... Rc1+ 38. Kh2) 38. b7 Rb4 39. c7 {[%emt 0:00:04] Weighted Error Value: White=0.31/Black=0.56} 1-0

[Event "Fall IM-E Norm Invitational 2022"]
[Site "Charlotte"]
[Date "2022.11.18"]
[Round "2"]
[White "Rorrer, Grayson"]
[Black "Csonka, Attila Istvan"]
[Result "1-0"]
[ECO "B48"]
[WhiteElo "2230"]
[BlackElo "2321"]
[Annotator "TA"]
[PlyCount "67"]
[EventDate "2022.11.18"]
[EventType "tourn"]
[EventCountry "USA"]
[SourceTitle "playchess.com"]
[Source "ChessBase"]
[SourceQuality "1"]
[TimeControl "5400+30"]

1. e4 c5 2. Nf3 e6 3. d4 cxd4 4. Nxd4 Nc6 5. Nc3 Qc7 6. Be3 a6 7. Qf3 {[%emt 0:00:09] B48: Sicilian: Taimanov: 5 Nc3 Qc7 6 Be3 a6 without Be2.} Nf6 8. O-O-O Nxd4 9. Bxd4 {[%emt 0:00:24] Threatens to win with e5. White has an edge.} e5 10. Be3 {[%emt 0:09:26] aiming for g4. 10.Qg3 is more fashionable.} d6 11. h3 {[%emt 0:10:51] Prevents Bg4.} Be6 12. g4 Rc8 13. g5 Nd7 14. Kb1 {[%emt 0:00:20] [#]} b5 $146 ({Predecessor:} 14... Be7 15. h4 O-O 16. Bh3 Qc4 17. Rd2 Bxh3 18. Qxh3 Qe6 19. Nd5 Bd8 20. Qg2 f5 {1-0 (51) Cornette,D (2470)-Zawadzka,J (2439) Rio Achaea 2018}) 15. Bd3 Nc5 16. Bxc5 Qxc5 17. Nd5 Be7 18. Qg3 (18. h4 {is more complex.} h6 19. Qg2 hxg5 20. hxg5 Kd7 21. g6) 18... Bxd5 19. exd5 a5 20. Qg4 Rb8 (20... Rc7 $142) 21. f4 $1 $16 a4 (21... exf4 $16 22. Qxf4 Qb4) 22. fxe5 $18 dxe5 23. d6 $1 Bxd6 24. g6 $1 Qb4 (24... hxg6 25. Bxg6 $1 Rb6 26. Qe6+ Kd8 27. Qxf7 $18 (27. Bxf7 Kc7 $16)) 25. gxf7+ ({Weaker is} 25. gxh7 a3 26. Qxb4 Bxb4 $14) 25... Kf8 26. Qxb4 {[%emt 0:04:25] Dancing on a razor blade. White has more active pieces. The black rooks are badly placed.} Bxb4 {[%emt 0:00:07] [#]} 27. Bxb5 $1 a3 {[%emt 0:01:37] [#]} 28. Bc4 ({White should play} 28. Rhf1 $1 $16) 28... g6 {[%emt 0:02:13] A mistake that costs the game.} (28... Ke7 $1 $14) 29. Bb3 axb2 30. Kxb2 (30. Rd7 $18) 30... Kg7 {[%emt 0:00:08] [#]} (30... Ke7 $16) 31. c3 $1 Be7 32. Rd7 Bg5 33. Re1 Bf4 $2 (33... Kf6 34. a4 Ra8) 34. f8=Q+ {[%emt 0:00:20][%mdl 32768] Weighted Error Value: White=0.09 (flawless) /Black=0.38. Loss on time!?} 1-0

[Event "Fall IM-E Norm Invitational 2022"]
[Site "Charlotte"]
[Date "2022.11.18"]
[Round "2"]
[White "Putnam, Liam"]
[Black "Kunka, Harshid"]
[Result "1/2-1/2"]
[ECO "E06"]
[WhiteElo "2161"]
[BlackElo "2236"]
[Annotator "TA"]
[PlyCount "67"]
[EventDate "2022.11.18"]
[EventType "tourn"]
[EventCountry "USA"]
[SourceTitle "playchess.com"]
[Source "ChessBase"]
[SourceQuality "1"]
[TimeControl "5400+30"]

1. d4 d5 2. c4 e6 3. Nf3 Nf6 4. g3 Be7 5. Bg2 O-O 6. Nc3 c6 7. O-O b6 8. Ne5 Bb7 9. e4 dxc4 10. Nxc4 b5 {[%emt 0:03:39] Recently 10...Nbd7 got a lot of attention. E06: Closed Catalan: Early deviations.} 11. Ne5 {[%emt 0:10:57] is the legacy move (11.Ne3).} (11. Ne3 $14) 11... Nbd7 (11... c5 {is more complex.} 12. dxc5 b4 13. Qb3 Ba6) 12. Nxd7 {[%emt 0:01:09] [#]} Qxd7 $146 {[%emt 0:00:43] White is slightly better.} ({Predecessor:} 12... Nxd7 13. e5 Rb8 14. Qg4 Kh8 15. Rd1 c5 16. dxc5 Bxg2 17. Kxg2 Qc7 18. b4 Nxe5 {½-½ (57) Zimmerman,Y (2410)-Manik,M (2455) Presov 1997}) 13. Be3 Rac8 14. Qe2 b4 15. e5 ({White should try} 15. Na4 $16) 15... Nd5 $11 16. Nxd5 (16. Na4 {feels hotter.} c5 17. Nxc5 Bxc5 18. dxc5 Nxe3 19. Bxb7 Nxf1 20. Bxc8 Rxc8 21. Rd1) 16... cxd5 17. Rfc1 Rxc1+ 18. Rxc1 Rc8 19. Rxc8+ Qxc8 20. Bf1 Qc6 21. h4 a5 22. Bg5 Bxg5 23. hxg5 {[%emt 0:00:02][%mdl 4096] Endgame KQB-KQB} Qb6 24. Qd3 (24. Qb5 $5 Qxb5 25. Bxb5 $11) 24... g6 {[%emt 0:01:09] The position is equal.} 25. Be2 Qc6 26. Qb5 Qc1+ 27. Bf1 Bc6 28. Qxa5 Qxb2 29. Qb6 Qc3 30. Bh3 Kg7 31. Qd8 Qe1+ 32. Bf1 Bb5 33. Qf6+ Kg8 34. Qd8+ {[%emt 0:00:06] Weighted Error Value: White=0.12 (very precise) /Black=0.05 (flawless)} 1/2-1/2

[Event "Fall IM-E Norm Invitational 2022"]
[Site "Charlotte"]
[Date "2022.11.18"]
[Round "2"]
[White "Sheehan, Ethan"]
[Black "Caglar, Sila"]
[Result "0-1"]
[ECO "D31"]
[WhiteElo "2157"]
[BlackElo "2268"]
[Annotator "TA"]
[PlyCount "92"]
[EventDate "2022.11.18"]
[EventType "tourn"]
[EventCountry "USA"]
[SourceTitle "playchess.com"]
[Source "ChessBase"]
[SourceQuality "1"]
[TimeControl "5400+30"]

1. c4 e6 2. Nc3 d5 3. d4 dxc4 4. e3 Nf6 5. Bxc4 a6 6. Nf3 c5 7. O-O Be7 {[%emt 0:00:12] D27: Queen's Gambit Accepted: Classical main line: 7 e4!? and 7 a4.} (7... b5 $11 8. Be2 Nbd7) 8. b3 (8. dxc5 $14 Qxd1 9. Rxd1) 8... b5 $11 9. Be2 Bb7 {[%emt 0:00:12] The position is equal.} 10. Bb2 (10. dxc5 {simplifies} Qxd1 11. Rxd1 Bxc5 12. Bb2) 10... Nbd7 11. dxc5 Nxc5 {[%emt 0:00:20] [#]} 12. Ne5 $146 (12. b4 {simplifies} Ncd7 13. a4 Bxb4 14. axb5 axb5 15. Rxa8 Bxa8 16. Nxb5 O-O 17. Qc2) ({Predecessor:} 12. Qxd8+ Rxd8 13. Nd4 O-O 14. Rac1 Rc8 15. Rfd1 Rfd8 16. Kf1 Kf8 17. b4 Ncd7 18. a3 {½-½ (31) Wang,Y (2726)-Lysyj,I (2691) China 2015}) 12... Qc7 (12... Qb8 $5 13. f4 O-O $11) 13. f4 b4 (13... Rd8 $5 14. Qe1 O-O $15) 14. Nb1 Nce4 15. Nc4 Rd8 16. Qe1 (16. Nbd2 $2 Nxd2 17. Nxd2 Bc5 $19) 16... Bd5 {[%emt 0:05:02] Black is more active.} (16... Bc5 $5 17. Bf3 Bd5 18. Bxf6 Nxf6 $15) 17. Nbd2 Nxd2 18. Nxd2 Bc5 19. Nc4 (19. Bxa6 $2 Qb6 20. Bd3 Bxe3+ 21. Kh1 Bxg2+ $1 22. Kxg2 Rxd3 $19) 19... Qa7 (19... Bxc4 {seems wilder.} 20. Bxf6 Bxe3+ 21. Kh1 gxf6 22. Bxc4 Bd2) 20. Kh1 h5 21. Qg3 h4 22. Qh3 (22. Qxg7 $2 Rg8 23. Bxf6 (23. Qxf6 Bxg2+ 24. Kg1 Bxe3+ 25. Nxe3 Qxe3+ 26. Rf2 Bh3+) 23... Rxg7 24. Bxg7 h3 $19) 22... Ne4 23. Bf3 f5 24. g4 $2 (24. Rad1 $11 {and White has nothing to worry.}) 24... Rh6 $2 (24... Bxe3 $19 25. Be5 (25. Nxe3 $2 Qxe3 26. Bxg7 Rh7 $19) 25... Bd4) 25. gxf5 $2 {[%emt 0:10:21] [#]} (25. g5 $1 $11 {and White stays safe.} Rh7 26. Rac1) 25... Ng3+ $1 $19 26. Kg2 {[%emt 0:02:51] [#]} Bxc4 $1 (26... Nxf1 27. Kxf1 (27. Rxf1 $2 Bxc4 28. Bc6+ Kf8 $19) 27... Qb7 28. Bxd5 exd5 29. Ne5 $17) 27. hxg3 (27. bxc4 $142 Nxf1 28. Kxf1) 27... Bxf1+ 28. Kxf1 Bxe3 {[%emt 0:03:19] And now ...Rd2 would win.} 29. f6 Kf7 {[%emt 0:06:18] aiming for ...Rd2.} (29... gxf6 30. Qxe6+ Qe7 31. Qg8+ (31. Qxa6 $2 hxg3 32. Re1 Rd2 $19) 31... Qf8 32. Qc4 $11 (32. Qe6+ Qe7 $11)) 30. fxg7 (30. Re1 $2 Rd2 31. Re2 Rd1+ 32. Re1 Rxe1+ 33. Kxe1 Bf2+ 34. Kf1 Qe3 $19) 30... Rd2 {[%emt 0:05:14] Prevents f5. Really sharp!} 31. Rd1 Rxd1+ (31... Rxb2 32. Qg4 Rf2+ 33. Ke1 $11) (31... Rf2+ $142 32. Ke1 Rxb2) 32. Bxd1 {[%emt 0:00:09] [#] This pair of bishops is nice.} Bd4 $2 $40 {[%emt 0:00:30][%mdl 128] Prevents g8N. Black is up to no good.} ({Better is} 32... Kg8 $1 $19 33. g4 Bxf4) 33. Qg4 $1 $11 Kg8 34. Qg5 Bxg7 {[%emt 0:00:56] Hoping for ...hxg3.} 35. gxh4 Qb7 {[%emt 0:02:46] White must now prevent ...Qh1+.} 36. Kf2 Qb6+ 37. Ke1 e5 {[%emt 0:01:05] Threatens to win with ...Rg6.} 38. Bxe5 $2 ({Reject} 38. fxe5 Rg6 $17) (38. Be2 $11) 38... Rg6 $19 {[%emt 0:00:08] Black is clearly winning.} 39. Bd4 Bxd4 ({Not} 39... Qxd4 40. Qxg6 Qxf4 41. Qg4 (41. Qxa6 $2 {loses.} Bc3+ 42. Ke2 Qd2+ 43. Kf3 Qxd1+ 44. Qe2 Qxe2+ 45. Kxe2 Kh7 $19) 41... Qxg4 42. Bxg4 $14) (39... Qe6+ $142 40. Be5 Rxg5 41. hxg5 Bxe5 42. fxe5 Qxe5+ 43. Kf2 Qb2+ 44. Kg3 Qxa2) 40. Qd5+ Qe6+ 41. Qxe6+ Rxe6+ 42. Kd2 Be3+ 43. Kc2 Bxf4 {[%emt 0:00:10] ( -> ...Rd6)} 44. Bf3 Re3 45. Bd5+ Kg7 46. Bc4 a5 {[%emt 0:00:03] Weighted Error Value: White=0.76/Black=0.46} 0-1

[Event "Fall IM-E Norm Invitational 2022"]
[Site "Charlotte"]
[Date "2022.11.19"]
[Round "3"]
[White "Csonka, Attila Istvan"]
[Black "Krishnakumar, Sriram"]
[Result "*"]
[ECO "B33"]
[WhiteElo "2321"]
[BlackElo "2248"]
[Annotator "TA"]
[PlyCount "37"]
[EventDate "2022.11.18"]
[EventType "tourn"]
[EventCountry "USA"]
[SourceTitle "playchess.com"]
[Source "ChessBase"]
[SourceQuality "1"]
[TimeControl "5400+30"]

1. e4 c5 2. Nf3 Nc6 3. d4 cxd4 4. Nxd4 Nf6 5. Nc3 e5 6. Ndb5 d6 7. Nd5 Nxd5 8. exd5 Ne7 9. c4 Ng6 {[%emt 0:00:44] [#]} {Predecessor:} 10. Qa4 $146 {B33: Sicilian: Pelikan and Sveshnikov Variations.} Bd7 11. Qb4 Qb8 12. h4 h5 13. Be3 a6 14. Nc3 Be7 15. g3 O-O 16. Be2 b5 17. cxb5 axb5 18. Bxh5 Bd8 19. O-O {1-0 (54) Karjakin,S (2758)-Carlsen,M (2855) Stavanger 2021} *

[Event "Fall IM-E Norm Invitational 2022"]
[Site "Charlotte"]
[Date "2022.11.19"]
[Round "3"]
[White "Beukes, Dante M"]
[Black "Rorrer, Grayson"]
[Result "0-1"]
[ECO "C55"]
[WhiteElo "2299"]
[BlackElo "2230"]
[Annotator "TA"]
[PlyCount "76"]
[EventDate "2022.11.18"]
[EventType "tourn"]
[EventCountry "USA"]
[SourceTitle "playchess.com"]
[Source "ChessBase"]
[SourceQuality "1"]
[TimeControl "5400+30"]

1. e4 e5 2. Nf3 Nc6 3. Bc4 Nf6 4. d3 h6 5. c3 d6 6. Nbd2 g6 7. O-O Bg7 8. Re1 O-O 9. a4 {[%emt 0:05:04] C55: Two Knights: 4 d3, 4 d4 exd4 5 e5 and Max Lange Attack.} Kh8 10. b4 Nh7 11. b5 {[%emt 0:10:20] [#] White is slightly better.} Ne7 $146 ({Predecessor:} 11... Na5 12. Ba2 f5 13. h3 Qe8 14. Nf1 Be6 15. Bxe6 Qxe6 16. c4 fxe4 17. Rxe4 b6 {0-1 (67) Bilguun,S (2454)-Demchenko,A (2641) Chess.com INT 2020}) 12. d4 c5 13. dxc5 dxc5 14. Qb3 f6 (14... g5 $142) 15. Nf1 (15. a5 $142) 15... Bg4 16. Nh4 Bd7 17. Ne3 f5 ({Better is} 17... Ng5) 18. exf5 gxf5 19. f4 (19. Rd1 $18) 19... e4 (19... Bf6 $14 20. Nf3 Ng6) 20. g3 Bf6 21. Nhg2 h5 (21... Qc7 $16 {keeps fighting.}) 22. Nd5 (22. Bb2 $18) 22... Nxd5 $16 23. Bxd5 h4 24. Ra2 (24. Bxb7 c4 25. Qxc4 Qb6+ 26. Be3 Qxb7 27. Nxh4 Rac8 $17) 24... hxg3 25. hxg3 (25. Bxb7 $2 Qb6 $1 26. Ne3 (26. Qd5 $2 Be6 $19) 26... Qxb7 $19) 25... Qe7 26. Kf2 {[%emt 0:04:53] aiming for Ne3.} (26. Bxb7 Be6 27. Bd5 Bxd5 28. Qxd5 Rad8 $15) 26... Rad8 (26... Qg7 $16) 27. Ne3 $18 (27. Bxb7 $2 Be6 28. c4 Qxb7 $19) 27... Qg7 28. Rc2 {[%emt 0:00:20] Threatens to win with Rh1.} b6 (28... Qh6 $16) 29. Rh1 Qg6 30. Rh3 Kg7 {[%emt 0:01:45][%cal Oh7g5] White must now prevent ...Ng5!} 31. Kf1 {[%emt 0:00:47] Strongly threatening Rch2.} Ng5 32. fxg5 f4 33. gxf6+ $2 (33. Rh6 $1 $18 Qxg5 34. Rch2 $1) 33... Qxf6 {[%emt 0:00:14] [#] Dancing on a razor blade.} (33... Rxf6 $17 34. Nf5+ Rxf5) 34. Rh7+ $3 Kxh7 $11 35. Bxe4+ $2 {[%emt 0:00:05][%mdl 8192] A strong pair of Bishops. Now White is beyond hope.} (35. Rf2 $1 $11 {and White stays safe.} Bh3+ 36. Ke1) 35... Kg7 $19 36. Rf2 {[%emt 0:01:01] Hoping for c4.} Qe5 {[%emt 0:00:39][%cal Of4e3] Prevents c4.} 37. Qd5 $2 (37. gxf4 Qxe4 38. Rg2+ Kf6 39. Qc2 (39. Kg1 $2 Bh3 $19)) 37... Bh3+ (37... Qxc3 $2 {gets mated.} 38. Qg5+ (38. Rxf4 $2 {perishes.} Bh3+ 39. Kf2 Rxd5 $19) 38... Kh8 39. Qh6+ Kg8 40. Qh7#) 38. Kg1 Rxd5 {[%emt 0:00:06] Weighted Error Value: White=0.84/Black=0.46} 0-1

[Event "Fall IM-E Norm Invitational 2022"]
[Site "Charlotte"]
[Date "2022.11.19"]
[Round "3"]
[White "Caglar, Sila"]
[Black "Martin Del Campo Cardenas, Roberto Abel"]
[Result "*"]
[ECO "B22"]
[WhiteElo "2268"]
[BlackElo "2243"]
[Annotator "TA"]
[PlyCount "40"]
[EventDate "2022.11.18"]
[EventType "tourn"]
[EventCountry "USA"]
[SourceTitle "playchess.com"]
[Source "ChessBase"]
[SourceQuality "1"]
[TimeControl "5400+30"]

1. e4 c5 2. c3 d5 3. exd5 Qxd5 4. d4 cxd4 5. cxd4 Nc6 {[%emt 0:00:06] [#]} {Predecessor:} 6. Nf3 $146 {B22: Sicilian: 2 c3.} e5 7. Nc3 Bb4 8. Bd2 Bxc3 9. Bxc3 e4 10. Ne5 Nxe5 11. dxe5 Ne7 12. Qxd5 Nxd5 13. Bb5+ Bd7 14. O-O-O Bxb5 15. Rxd5 Bc4 16. Rd4 Bxa2 17. Rxe4 O-O 18. Rd1 Be6 19. g4 Rfc8 20. h3 g5 {0-1 (47) Hess,R (2591)-Dubov,D (2711) Chess.com INT 2022} *

[Event "Fall IM-E Norm Invitational 2022"]
[Site "Charlotte"]
[Date "2022.11.19"]
[Round "3"]
[White "Kunka, Harshid"]
[Black "Sheehan, Ethan"]
[Result "1-0"]
[ECO "B96"]
[WhiteElo "2236"]
[BlackElo "2157"]
[Annotator "TA"]
[PlyCount "69"]
[EventDate "2022.11.18"]
[EventType "tourn"]
[EventCountry "USA"]
[SourceTitle "playchess.com"]
[Source "ChessBase"]
[SourceQuality "1"]
[TimeControl "5400+30"]

1. e4 c5 2. Nf3 d6 3. d4 cxd4 4. Nxd4 Nf6 5. Nc3 a6 6. Bg5 e6 7. f4 h6 8. Bh4 Qb6 9. a3 Be7 {[%emt 0:00:06][%cal Of6e4] B96: Sicilian Najdorf: 6 Bg5 e6 7 f4, lines other than 7...Qb6 and 7...Be7.} (9... Qxb2 $2 10. Na4 $18) 10. Bf2 Qc7 (10... Qxb2 $2 11. Na4 $18) 11. Qf3 b5 {[%emt 0:03:14] The position is equal.} 12. O-O-O (12. g4 $5 ) 12... Bb7 13. Bd3 Nbd7 14. Rhe1 {[%emt 0:04:31] [#]} O-O $146 ({Predecessor:} 14... Rc8 15. Qh3 Nc5 16. Kb1 O-O 17. g4 d5 18. g5 hxg5 19. fxg5 Nh7 20. exd5 Nxg5 {½-½ (41) Shabalov,A (2570)-Ortiz Suarez,I (2579) Mar del Plata 2012}) 15. Qh3 Nc5 16. g4 d5 17. e5 Nfe4 18. Bxe4 dxe4 (18... Nxe4 {is more complex.} 19. Bh4 Nxc3 20. Bxe7 Nxd1 21. Bxf8 Nf2) 19. Bh4 f6 (19... Bxh4 $5 20. Qxh4 Rad8 $11) 20. Kb1 {[%emt 0:06:08] And now exf6 would win.} fxe5 21. Bxe7 Qxe7 22. fxe5 Rad8 {[%emt 0:03:48][%cal Ob5b4] Inhibits g5.} 23. Qe3 {[%emt 0:04:29] Prevents b4.} Rf7 24. Rg1 Nd7 (24... Qg5 $14 25. Qxg5 hxg5) 25. g5 $16 {[%emt 0:03:52] White is much more active.} hxg5 {[%emt 0:01:53] This costs Black the game.} (25... Nxe5 $16 {is a better defense.} 26. gxh6 Nf3) 26. Rxg5 $18 {[%emt 0:01:30] Threatens to win with Rh5.} Nb6 $2 (26... Rdf8 27. Rh5 Rf1) 27. Rh5 {[%emt 0:03:27] [#] Intending Qh3 and mate.} Rf3 {[%emt 0:08:40] Against Qh3} (27... Rxd4 $142 28. Qxd4 Nd5 29. Nxe4 (29. Qxe4 $2 {perishes.} Nxc3+ 30. bxc3 Bxe4 $19) 29... Rf4) 28. Nxf3 Rxd1+ 29. Nxd1 {[%emt 0:00:38] aiming for Ng5.} Nc4 30. Qg5 Qd7 31. Nc3 {[%emt 0:00:39][%cal Og5h4] [#] Threatening mate with Qh4!} exf3 32. Qh4 {[%emt 0:00:53] White wants to mate with Rh8+.} Kf7 33. Rh8 {[%emt 0:02:09] White threatens Qf4+ and mate.} Qc6 34. Qf4+ Kg6 35. h4 {[%emt 0:00:25] Weighted Error Value: White=0.05 (flawless) /Black=0.68} 1-0

[Event "Fall IM-E Norm Invitational 2022"]
[Site "Charlotte"]
[Date "2022.11.19"]
[Round "3"]
[White "Kanli, Alperen"]
[Black "Putnam, Liam"]
[Result "0-1"]
[ECO "E20"]
[WhiteElo "2171"]
[BlackElo "2161"]
[Annotator "TA"]
[PlyCount "40"]
[EventDate "2022.11.18"]
[EventType "tourn"]
[EventCountry "USA"]
[SourceTitle "playchess.com"]
[Source "ChessBase"]
[SourceQuality "1"]
[TimeControl "5400+30"]

1. d4 Nf6 2. c4 e6 3. Nc3 Bb4 4. f3 c5 5. d5 b5 6. e4 {[%emt 0:00:18] E20: Nimzo-Indian: 4 g3 and 4 f3.} d6 {[%emt 0:00:05][%cal Bd7d6,Bd6d5][%mdl 32] is the new trend.} 7. Nge2 bxc4 8. Nf4 {[%emt 0:02:12] The position is equal.} g5 {[%emt 0:00:04] [#]} (8... e5 $5 9. Nfe2 $8 Ba6 $11) 9. dxe6 $146 (9. Nfe2 $11 {remains equal.}) ({Predecessor:} 9. Nfe2 exd5 10. exd5 Qe7 11. Kf2 Nbd7 12. Ng3 Nb6 13. Nce4 h6 14. a3 Ba5 15. b4 cxb4 16. axb4 Bxb4 17. Bxc4 Nxe4+ 18. Nxe4 {1-0 (34) Mamedyarov,S (2765)-Ding,L (2799) Chess.com INT 2021}) 9... gxf4 $17 10. exf7+ Kxf7 {[%emt 0:00:15] White must now prevent ...Be6.} 11. Bxf4 d5 12. e5 (12. exd5 $17 Nbd7 13. Qc2) 12... Nh5 13. Bd2 {[%emt 0:23:57] [#]} (13. Be3) 13... Qh4+ $19 {[%emt 0:06:03] Black is clearly winning.} 14. g3 Nxg3 15. hxg3 Qxh1 16. Nxd5 Bh3 {[%emt 0:00:43][%csl Gh3][%cal Rh1f1] [#]} 17. e6+ Bxe6 18. Bxb4 cxb4 19. Qd4 {[%emt 0:06:53] White wants to mate with Qf6+.} Qxf3 20. Be2 Nc6 {[%emt 0:07:29] Weighted Error Value: White=1.09/Black=0.16 (very precise)} 0-1

[Event "Fall IM-E Norm Invitational 2022"]
[Site "Charlotte"]
[Date "2022.11.20"]
[Round "5"]
[White "Dante Beukes"]
[Black "Sriram Krishnakumar"]
[Result "1-0"]
[ECO "C47"]
[WhiteElo "2299"]
[BlackElo "2248"]
[Annotator "TA"]
[PlyCount "177"]
[EventDate "2022.11.18"]
[EventType "tourn"]
[EventCountry "USA"]
[SourceTitle "playchess.com"]
[Source "ChessBase"]
[SourceQuality "1"]
[TimeControl "5400+30"]

1. e4 e5 2. Nf3 Nc6 3. Nc3 Nf6 4. d4 exd4 5. Nxd4 Bb4 6. Nxc6 bxc6 7. Bd3 d5 8. Bd2 O-O 9. O-O Re8 {[%emt 0:11:47] C47: Scotch Four Knights and Four Knights with 4 g3.} 10. Re1 Bc5 11. h3 {[%emt 0:03:05] [#] Prevents Ng4.} Qd6 $146 {[%emt 0:16:24][%cal Oc8h3] White has an edge.} ({Predecessor:} 11... d4 12. Na4 Be7 13. b3 Bd7 14. Nb2 g6 15. Nc4 Nh5 16. Qf3 Bg5 17. Bxg5 Qxg5 18. e5 Nf4 19. Kh2 Nxd3 20. Qxd3 c5 21. Rac1 Bb5 {½-½ (21) Prazak,L (1930)-Tichy,M (2065) Nachod 2002}) 12. Qf3 d4 (12... Bb7 $16) 13. e5 $1 $18 Rxe5 14. Bf4 Rxe1+ 15. Rxe1 Qf8 16. Ne4 (16. Qxc6 $2 Bd7 17. Qxc7 Rc8 $19) 16... Nxe4 17. Qxe4 (17. Bxe4 Rb8 $14) 17... g6 18. Qxc6 {[%emt 0:06:00] And now Re8 would win.} ({Much less strong is} 18. Bxc7 $6 Bd7 $16) 18... Be6 {[%emt 0:00:05] [#]} 19. Bxc7 (19. Bh6 $1 $18 Qxh6 20. Qxa8+ Qf8 21. Qf3) 19... Bb4 (19... Rc8 $16) 20. Rxe6 fxe6 21. Qxe6+ Kg7 22. Be5+ Kh6 23. Bxd4 $2 {[%emt 0:03:28] This bishop pair is nice.} (23. Qg4 Be7 24. Qxd4) 23... Re8 $2 (23... Qe7 {might work better.} 24. Qc4 Bd6) 24. Be3+ Kg7 25. Qd7+ Be7 26. Qxa7 Ra8 27. Qd4+ Bf6 28. Qd5 ({Don't take} 28. Qf4 Qf7 29. Bc4 Qe7 $18) 28... Rd8 29. Qb7+ Kh8 (29... Qf7 $142 30. Qxf7+ Kxf7) 30. b3 Qa3 31. Qa6 Qxa6 32. Bxa6 {[%emt 0:00:13][%mdl 4096] Endgame KRB-KB} Ra8 33. Bd3 Rxa2 34. g3 Bc3 35. Kg2 Kg7 36. Kf3 Kf6 37. Ke4 Ke6 (37... Ra8 $16 {keeps fighting.} 38. Bc4 Rd8) 38. Bd4 Be1 39. b4 {[%emt 0:00:45][%cal Bb3b4,Bb4b5][%mdl 32] aiming for Bc4+.} Kd6 40. b5 {[%emt 0:01:04] Black must now prevent g4.} Bb4 $2 (40... Ra8 $16 41. c4 Re8+ 42. Kf3 Rf8+ 43. Kg2 Bb4) 41. Be5+ Kc5 42. Bf6 {[%emt 0:02:37] Hoping for Be7+.} Kd6 {[%emt 0:01:03] Against Be7+} 43. f4 Ra8 44. Be5+ Kc5 45. Bd4+ Kd6 46. c3 Ba3 47. g4 Bb2 48. Bc4 Re8+ 49. Kd3 Rf8 50. Be3 (50. f5 $18) 50... Ba3 $16 51. h4 (51. Kc2 $142) 51... Bc5 52. Kd2 (52. Bc1 $16) 52... Ba3 $2 {[%emt 0:02:51] [#] Black is now going downhill.} (52... Bxe3+ $11 {and Black stays safe.} 53. Kxe3 Rc8) 53. Bd3 $1 $18 Re8 {[%emt 0:00:33][%cal Oa3c1] [#]} 54. Bd4 ({Better is} 54. f5 $1 $18 ) 54... Kc7 $2 (54... Bc5 $16) 55. f5 gxf5 56. Bxf5 h6 (56... Rd8 $142 57. b6+ Kb7 58. Be4+ Ka6) 57. Kd3 Kd6 58. Kc4 {[%emt 0:00:08] Prevents Bc5.} Bc1 59. Bc5+ Ke5 $2 (59... Kc7 60. Kd3 Rb8) 60. h5 Bd2 61. b6 {[%emt 0:00:13] Threatens to win with b7.} Rb8 62. Bd4+ Kd6 63. Kb5 Kd5 64. Ka6 Bf4 65. b7 {[%emt 0:00:31] Inhibits Ra8+.} Re8 66. Bg6 Re7 $2 (66... Re2 67. Bd3 Rd2) 67. Kb6 Re1 (67... Bb8 $142 68. Bd3 Re6+ 69. Kb5 Re7 70. Bc4+ Ke4) 68. Bf7+ Ke4 69. Bg6+ (69. g5 $142 hxg5 70. h6) 69... Kd5 70. g5 hxg5 71. Bf7+ {[%emt 0:00:05] White mates.} Ke4 72. h6 Rh1 73. Bg6+ Kd5 74. h7 g4 75. h8=Q Rxh8 76. Bxh8 g3 77. Bd4 Bb8 78. Bd3 g2 79. Bg1 Ke5 80. c4 Kf4 81. c5 Kf3 82. c6 Bg3 83. Kb5 Bc7 84. Kc5 Bg3 85. Kd5 Bf4 86. Be4+ Kg3 87. Bc5 Kh2 {[%emt 0:00:24] [#]} 88. Bxg2 $1 Kxg2 (88... Bg3 89. Bf3) 89. Bd6 {[%emt 0:00:05] Weighted Error Value: White=0.36/Black=0.50} 1-0